 Dungeon Crawl Stone Soup version 0.31-a0-879-g1609e0ac53 (webtiles) character file.

Game seed: 9210588422029882071

3872 oldriver the Basher (level 10, 0/80 HPs)
             Began as a Mummy Fighter on Oct 15, 2023.
             Was an Elder of Okawaru.
             Slain by a yak (3 damage)
             ... on level 7 of the Dungeon.
             The game lasted 00:14:05 (8644 turns).

oldriver the Basher (Mummy Fighter)                 Turns: 8644, Time: 00:14:05

Health: 0/80       AC: 13    Str: 24    XL:     10   Next: 0%
Magic:  5/12       EV: 15    Int:  8    God:    Okawaru [****..]
Gold:   312        SH:  6    Dex: 14    Spells: 9/9 levels left

rFire   x . .        s - +7 mace "Widowermaker" {pain, rC+ rCorr Dex+3}
rCold   + + .        c - +0 buckler
rNeg    + + +        p - +0 chain mail
rPois   ∞            (no helmet)
rElec   .            (no cloak)
rCorr   +            h - +1 pair of gloves
SInv    .            (no boots)
Will    +....        (no amulet) Stlth
                     f - +5 ring of evasion
HPRegen 0.33/turn    i - ring of flight
MPRegen 0.13/turn

%: faith
@: heroic, finesse-ful, flying
A: cold resistance 1, negative energy resistance 3, torment resistance 2, heat
vulnerability 1, in touch with death 1, no potions, faith
a: Renounce Religion, Heroism, Finesse


You were on level 7 of the Dungeon.
You worshipped Okawaru.
Okawaru was greatly pleased with you.
You visited 2 branches of the dungeon, and saw 9 of its levels.

You collected 457 gold pieces.
You spent 145 gold pieces at shops.

Inventory:

Hand Weapons
 s - the +7 mace "Widowermaker" (weapon) {pain, rC+ rCorr Dex+3}
   (You found it on level 6 of the Dungeon)

   Dex+3:     It affects your dexterity (+3).
   rC+:       It protects you from cold.
   rCorr:     It protects you from acid and corrosion.
Missiles
 e - a throwing net
 k - 19 poisoned darts
 r - 7 boomerangs (quivered)
Armour
 c - a +0 buckler (worn)
 h - a +1 pair of gloves (worn)
 p - a +0 chain mail (worn)
Jewellery
 f - a +5 ring of evasion (left hand)
 i - a ring of flight (right hand)
Wands
 a - a wand of flame (36)
 g - a wand of polymorph (14)
Scrolls
 b - a scroll of enchant weapon
 d - 3 scrolls of identify
 j - 2 scrolls of fog
 l - a scroll of summoning
 m - a scroll of immolation
 o - a scroll of fear
 q - a scroll of noise


   Skills:
 + Level 8.1(13.1) Fighting
 * Level 9.1(14.1) Maces & Flails
 + Level 3.7(8.7) Armour
 + Level 3.7(8.7) Shields
 - Level 3.0 Invocations


You had 9 spell levels left.
You didn't know any spells.
Your spell library contained the following spells:

 Spells                   Type           Power      Damage    Failure   Level
 Magic Dart               Conj           0%         1d3       92%         1
 Searing Ray              Conj           0%         2d4       98%         2
 Fulminant Prism          Conj/Hex       0%         3d5       100%        4


Dungeon Overview and Level Annotations

Branches:
Dungeon (8/15)             Temple (1/1) D:4
   Lair: D:8-11

Altars:
Ashenzari
Cheibriados
Dithmenos
Fedhas
Gozag
Hepliaklqana
Nemelex Xobeh
Okawaru
Ru
Trog
Uskayaw
Vehumet
Wu Jian
Xom
Yredelemnul

Shops:
D:3 (   D:7 :

Annotations:
D:3 1 runed translucent door, Crazy Yiuf
D:7 2 transporters


Innate Abilities, Weirdness & Mutations

You are immune to poison.
Your flesh is cold resistant. (rC+)
You are immune to negative energy. (rN+++)
You are immune to unholy pain and torment.
You are vulnerable to heat. (rF-)
You are in touch with the powers of death.
You do not drink.
You have a special connection with the divine. (Faith)


Message History

The yak closely misses you. The yak gores you!
* * * LOW HITPOINT WARNING * * *
You hit the yak.
The yak is moderately wounded.
The yak closely misses you. The yak gores you but does no damage.
You bludgeon the yak!!
The yak is severely wounded.
The yak barely misses you. The yak gores you!
* * * LOW HITPOINT WARNING * * *
Okay, then.
You can now deal lightning-fast blows.
The yak barely misses you. The yak misses you.
Okay, then.
You can't drink.
You sock the yak!
The yak is almost dead.
You sock the yak!
You kill the yak!
Okawaru accepts your kill.
You sock the yak!
The yak is moderately wounded.
You sock the yak!
The yak is heavily wounded.
You hit the yak but do no damage.
The yak is heavily wounded.
You hit the yak.
The yak is heavily wounded.
The yak gores you.
* * * LOW HITPOINT WARNING * * *
You sock the yak!
The yak is almost dead.
You hit the yak.
You kill the yak!
Okawaru accepts your kill.
You have reached level 10!
You feel stronger.
You bludgeon the yak!!
The yak is heavily wounded.
The yak gores you.
You die...

########## ############
#........#
...........###.######.#
[..........'...)@# #.#
...........###.#Y####.#
####....######.#.##...#
####.##.#....#.#.##.###
........#.##.#.#.##.#
...............#.##.#
.......##.##...#)##.#
.......##.####.#.##.#
####.####......#.##.#


You could see a yak.

Vanquished Creatures
  A deep elf zephyrmancer (D:6)
  4 yaks (D:7)
  Menkaure (D:6)
  4 water moccasins
  4 ice beasts
  A sky beast (D:5)
  A black bear (D:6)
  3 orc warriors
  An ogre (D:7)
  A kobold brigand (D:7)
  3 scorpions
  4 wights
  2 jellies
  2 orc priests (D:7)
  3 hounds
  A sleepcap (D:6)
  5 iguanas
  8 orc wizards
  Natasha (thrice) (D:4)
  9 adders
  11 gnolls
  2 shadow imps (D:6)
  2 white imps
  2 ufetubi (D:7)
  A dart slug (D:2)
  38 orcs
  8 endoplasms
  2 giant cockroaches
  4 goblins
  7 hobgoblins
  6 jackals
  10 kobolds
  4 quokkas
  8 ball pythons
  5 bats
  4 frilled lizards
  7 rats
182 creatures vanquished.

Notes
Turn   | Place    | Note
-------+----------+-------------------------------------------
     0 | D:1      | oldriver the Mummy Fighter began the quest for the Orb.
     0 | D:1      | Reached XP level 1. HP: 18/18 MP: 1/1
   123 | D:1      | Reached skill level 2 in Maces & Flails
   223 | D:1      | Reached XP level 2. HP: 19/24 MP: 2/2
   802 | D:2      | Reached XP level 3. HP: 29/29 MP: 3/3
  1060 | D:2      | Found a hide-covered altar of Uskayaw.
  1357 | D:2      | Reached skill level 3 in Maces & Flails
  1487 | D:2      | Reached XP level 4. HP: 31/37 MP: 4/4
  2009 | D:3      | Reached XP level 5. HP: 42/42 MP: 5/5
  2122 | D:3      | Found Qez Xit's Weapon Shoppe.
  2143 | D:3      | Found a faded altar of an unknown god.
  2191 | D:3      | Found a runed translucent door.
  2192 | D:3      | Noticed Crazy Yiuf
  2425 | D:3      | Bought a +1 vampiric whip for 145 gold pieces
  2655 | D:4      | Found a staircase to the Ecumenical Temple.
  2690 | Temple   | Entered the Ecumenical Temple
  2697 | Temple   | Became a worshipper of Warmaster Okawaru
  2846 | D:4      | Reached skill level 4 in Maces & Flails
  2848 | D:4      | Noticed Natasha
  3065 | D:4      | Killed Natasha
  3079 | D:4      | Noticed Natasha
  3257 | D:5      | Entered Level 5 of the Dungeon
  3361 | D:4      | Found a sparkling altar of Nemelex Xobeh.
  3471 | D:4      | Killed Natasha
  3472 | D:4      | Reached XP level 6. HP: 48/49 MP: 6/6
  3488 | D:4      | Found an opulent altar of Gozag.
  3545 | D:4      | Noticed Natasha
  3562 | D:4      | Killed Natasha
  3743 | D:5      | Noticed an ice beast
  3774 | D:5      | Noticed an ice beast
  3829 | D:4      | Reached * piety under Okawaru
  3841 | D:4      | Killed an ice beast
  3842 | D:4      | Reached skill level 5 in Fighting
  3842 | D:4      | Reached skill level 5 in Maces & Flails
  3998 | D:4      | Reached XP level 7. HP: 37/56 MP: 7/7
  4631 | D:4      | Reached ** piety under Okawaru
  4632 | D:4      | Reached skill level 1 in Invocations
  5224 | D:5      | Reached skill level 6 in Maces & Flails
  5331 | D:6      | Found a blossoming altar of Fedhas.
  5576 | D:6      | Reached XP level 8. HP: 64/64 MP: 9/9
  5848 | D:6      | Identified the +7 mace "Widowermaker" {pain, rC+ rCorr
                  | Dex+3}
  6538 | D:6      | Reached *** piety under Okawaru
  6539 | D:6      | Reached skill level 7 in Maces & Flails
  6641 | D:6      | Noticed a deep elf zephyrmancer
  6799 | D:6      | Killed a deep elf zephyrmancer
  6800 | D:6      | Reached XP level 9. HP: 69/72 MP: 9/11
  6942 | D:6      | Noticed Menkaure
  6945 | D:6      | Killed Menkaure
  6946 | D:6      | Reached skill level 8 in Maces & Flails
  7044 | D:6      | Found a bloodstained altar of Trog.
  7044 | D:6      | Found a shadowy altar of Dithmenos.
  7269 | D:7      | Found a transporter.
  7269 | D:7      | Found Fuehathru's Book Emporium.
  7292 | D:7      | Found a transporter.
  7524 | D:7      | Reached **** piety under Okawaru
  7780 | D:7      | Found a transporter.
  8131 | D:7      | Found a transporter.
  8202 | D:8      | Found a hide-covered altar of Uskayaw.
  8605 | D:7      | Reached skill level 9 in Maces & Flails
  8641 | D:7      | HP: 2/74 [yak (4)]
  8644 | D:7      | Reached XP level 10. HP: 3/80 MP: 5/12
  8644 | D:7      | Slain by a yak

Illustrated notes

Levels and vault maps discovered:
D:1:      dpeg_arrival_long_road, layout_basic
D:2:      kennysheep_six_static_rooms, layout_basic, basic_altar,
          serial_park_tiny_1, minmay_pentomino_pile
D:3:      layout_rooms, tso_metal_star, serial_shops,
          nicolae_shop_rolling_square, basic_ecumenical_altar,
          chequers_serial_rivers_small_3, uniq_crazy_yiuf_cottage
D:4:      layout_loops_cross, lemuel_tele_altar, nemelex_dance_club_becter,
          minmay_temple_entry_overgrown, uniq_natasha
D:5:      layout_cave_pools
D:6:      layout_gridville, fedhas_altar_3, gammafunk_temple_overflow_pools,
          minmay_strange_pillars, guppyfry_early_elven_hall, uniq_menkaure
D:7:      gammafunk_cloud_chamber, layout_basic, serial_shops,
          nicolae_shop_drivethru
D:8:      layout_cave_pools, mainiacjoe_overflow_alcove_4, lemuel_round_altar,
          serial_shops, shop
Temple:   nicolae_temple_ecumenical_triangle

Skill      XL: |  1  2  3  4  5  6  7  8  9 |
---------------+----------------------------+-----
Maces & Flails | 2 3 4 5 6 7 9 |  9.1
Fighting       | 4 5 7 8 |  8.1
Invocations    | 2 3 |  3.0
Armour         | 3 |  3.7
Shields        | 3 |  3.7

Action                     |  1- 3 |  4- 6 |  7- 9 | 10-12 || total
---------------------------+-------+-------+-------+-------++-------
  Melee: Flail             |   130 |    49 |       |       ||   179
         Whip              |       |   200 |   257 |       ||   457
         Mace              |       |       |   257 |     1 ||   258
  Throw: Dart              |       |     2 |       |       ||     2
 Invoke: Heroism           |       |       |     2 |       ||     2
         Finesse           |       |       |     1 |       ||     1
    Use: Scroll            |       |     9 |     5 |       ||    14
 Armour: Scale mail        |    70 |   121 |   206 |       ||   397
         Chain mail        |       |       |    83 |     1 ||    84
  Dodge: Dodged            |    92 |   173 |   291 |       ||   556
  Block: Buckler           |    24 |    39 |    97 |       ||   160

Table legend: (Time is in decaauts)
 A = Elapsed time spent in this place.
 B = Non-inter-level travel time spent in this place.
 C = Inter-level travel time spent in this place.
 D = Time resting spent in this place.
 E = Time spent auto-exploring this place.
 F = Levels seen in this place.
 G = Mean time per level.
                   A        B        C        D        E       F      G
               +--------+--------+--------+--------+--------+-----+--------+
         Total |   8679 |   8166 |    513 |   1698 |   4267 |   9 |  964.3 |
       Dungeon |   8664 |   8151 |    513 |   1698 |   4267 |   8 | 1083.0 |
        Temple |     14 |     14 |      0 |      0 |      0 |   1 |   14.0 |
               +--------+--------+--------+--------+--------+-----+--------+

Top non-repeatable levels by time:
     D:4: 1767 daAuts
     D:5: 1471 daAuts
     D:7: 1365 daAuts
     D:2: 1084 daAuts
     D:6: 1070 daAuts
     D:3: 967 daAuts
     D:1: 811 daAuts
     D:8: 126 daAuts
  Temple: 14 daAuts
